 Dungeon Crawl Stone Soup version 0.28-a0-1493-g08698888e4 (webtiles) character file.

Game seed: 4727838507641977613

4819 shadowrider38 the Transmogrifier (level 10, -2/79 HPs)
             Began as a Merfolk Earth Elementalist on Jan 12, 2022.
             Was a Follower of Sif Muna.
             Slain by a hornet (10 damage)
             ... on level 7 of the Dungeon.
             The game lasted 00:42:11 (12223 turns).

shadowrider38 the Transmogrifier (MfEE)            Turns: 12223, Time: 00:42:12

Health: -2/79      AC:  7    Str:  9    XL:     10   Next: 48%
Magic:  26/26      EV: 17    Int: 22    God:    Sif Muna [*.....]
Gold:   358        SH:  0    Dex: 15    Spells: 15/19 levels left

rFire   + . .      SeeInvis +   a - +12 falchion of Riapp {elec, rC+ rCorr Int+4 SInv}
rCold   + + .      Faith    +   (no shield)
rNeg    . . .      Spirit   .   J - +0 steam dragon scales
rPois   +          Reflect  .   (no helmet)
rElec   +          Harm     .   h - +0 cloak
rCorr   +          Rampage  .   H - +0 pair of gloves
Will    .....                   (no boots)
Stlth   +++.......              p - amulet of faith
HPRegen 0.23/turn               G - ring of magical power
MPRegen 0.20/turn               (no ring)

@: resistant, slowed, very slow
A: (nimble swimmer 2), mertail
a: Renounce Religion, Channel Magic


You were on level 7 of the Dungeon.
You worshipped Sif Muna.
Sif Muna was aware of your devotion.
You visited 2 branches of the dungeon, and saw 8 of its levels.
You also visited: Ossuary.

You collected 358 gold pieces.

Inventory:

Hand Weapons
 a - the +12 falchion of Riapp (weapon) {elec, rC+ rCorr Int+4 SInv}
   (You found it on level 3 of the Dungeon)

   It occasionally discharges a powerful burst of electricity upon striking a
   foe.
   Int:       It affects your intelligence (+4).
   rC:        It protects you from cold.
   SInv:      It lets you see invisible.
   rCorr:     It protects you from acid and corrosion.
Missiles
 b - 6 boomerangs
 c - 136 stones
 d - 6 curare-tipped darts
 i - 14 poisoned darts
Armour
 h - a +0 cloak (worn)
 E - a +2 leather armour of cold resistance
 H - a +0 pair of gloves (worn)
 J - +0 steam dragon scales (worn)
Jewellery
 m - a ring of fire
 n - an amulet of regeneration
 p - an amulet of faith (around neck)
 y - an amulet of guardian spirit
 G - a ring of magical power (left hand)
Wands
 q - a wand of polymorph (6)
 L - a wand of flame (23)
Scrolls
 j - 2 scrolls of amnesia
 k - 3 scrolls of holy word
 r - a scroll of enchant armour {unknown}
 t - 2 scrolls of vulnerability
 v - a scroll of magic mapping {unknown}
 w - 2 scrolls of teleportation {unknown}
 A - a scroll of fog {unknown}
 B - 2 scrolls of torment {unknown}
 C - a scroll of blinking {unknown}
 D - a scroll of fear {unknown}
 F - a scroll of silence {unknown}
 I - a scroll of acquirement {unknown}
Potions
 e - 4 potions of attraction
 f - a potion of haste
 g - 2 potions of ambrosia {unknown}
 l - 2 potions of lignification
 o - a potion of cancellation
 s - a potion of resistance
 u - a potion of might
 z - 2 potions of mutation {unknown}
 K - a potion of berserk rage
 M - a potion of invisibility {unknown}


   Skills:
 + Level 7.6 Fighting
 - Level 4.0 Long Blades
 - Level 2.0 Polearms
 - Level 10.0 Dodging
 - Level 5.0 Stealth
 - Level 5.0 Spellcasting
 - Level 10.0 Transmutations
 - Level 2.4 Earth Magic
 - Level 3.0 Evocations


You had 15 spell levels left.
You knew the following spells:

 Your Spells              Type           Power      Damage    Failure   Level
a - Sandblast             Erth           32%        2d9       3%          1
b - Spider Form           Tmut/Pois      27%        N/A       3%          3

Your spell library contained the following spells:

 Spells                   Type           Power      Damage    Failure   Level
 Beastly Appendage        Tmut           98%        N/A       1%          1
 Passwall                 Tmut/Erth      26%        N/A       1%          2
 Wereblood                Tmut           49%        N/A       1%          2
 Petrify                  Tmut/Erth      32%        N/A       8%          4
 Stone Arrow              Conj/Erth      20%        3d8       19%         3
 Gell's Gravitas          Tloc           5%         N/A       30%         3
 Lesser Beckoning         Tloc           5%         N/A       30%         3
 Teleport Other           Tloc           5%         N/A       30%         3


Dungeon Overview and Level Annotations

Branches:
Dungeon (7/15)             Temple (1/1) D:5         Ossuary (visited)

Altars:
Ashenzari
Cheibriados
Dithmenos
Elyvilon
Fedhas
Gozag
Hepliaklqana
Kikubaaqudgha
Nemelex Xobeh
Qazlal
Ru
Sif Muna
Trog
Wu Jian
Xom
Zin
The Shining One

Shops:
D:3 *   D:6 (

Annotations:
D:3 exclusion: ogre
D:6 exclusion: 2 doors
D:7 Joseph


Innate Abilities, Weirdness & Mutations

((You are very nimble when in or above water. (Stealth+, EV+, Speed+++)))
Your lower body shifts to a powerful aquatic tail in water.


Message History

You are no longer poisoned.
The hornet closely misses you. The hornet misses you.
Unknown command.
Unknown command.
You slash the hornet! Your punch misses the hornet.
The hornet is almost dead.
The hornet misses you. The hornet stings you!
* * * LOW HITPOINT WARNING * * *
You are poisoned.
You feel as though you will be slow longer.
The hornet stings you.
* * * LOW HITPOINT WARNING * * *
You feel as though you will be slow longer.
Unknown command.
You feel better. The hornet stings you.
* * * LOW HITPOINT WARNING * * *
You are poisoned.
You feel as though you will be slow longer.
The hornet closely misses you.
You feel protected.
You feel very sick. The hornet closely misses you. The hornet misses you.
The hound stops to sniff the ground.
Unknown command.
Aiming: Throw Flame
Press: ? - help, Shift-Dir - straight line, f - hornet
Aim: a hornet (almost dead, 57% to hit)
The puff of flame misses the hornet.
You feel sick. The hornet barely misses you. The hornet misses you.
Unknown command.
You hit the hornet but do no damage.
The hornet is almost dead.
You feel sick. The hornet stings you!
* * * LOW HITPOINT WARNING * * *
You feel as though you will be slow longer.
The hornet closely misses you.
The hornet stings you but does no damage.
Unknown command.
You feel better. The hornet misses you. The hornet stings you!
You die...

#.#....<... #.
#...#######. #.
#####.........# .#
.......######..###s####..
####..## #............
##.# #.#.)# #.# #.Fh##
#.# ###y# #.# #@# # #.#
#)# ## #.#
########.######
.####.###...............
..........#####>.###.##.
.####.##### ...... ## #.#
#.####.... # #.# #.#
#...# #####.# #.# #.##


You could see a hornet, a bullfrog, a scorpion (wandering) and a hound.

Vanquished Creatures
  A cyclops (D:6)
  A troll (D:7)
  3 yaks (D:7)
  A steam dragon (D:7)
  Menkaure (D:7)
  A water moccasin (D:4)
  A sky beast (D:7)
  A hornet zombie (D:6)
  2 orc warriors (D:7)
  An ice beast (D:6)
  4 ogres
  4 centaurs
  A bullfrog (D:7)
  9 scorpions
  A wyvern skeleton (D:6)
  9 wights
  2 howler monkeys (D:7)
  2 bullfrog zombies
  A jelly (D:7)
  3 centaur zombies
  A gnoll shaman (D:4)
  2 orc priests
  6 hounds
  2 human zombies (Ossuary)
  5 scorpion zombies (Ossuary)
  Crazy Yiuf (D:7)
  Natasha (D:1)
  4 iguanas
  3 orc wizards
  3 hound skeletons
  3 mummies (Ossuary)
  6 adders
  3 gnolls
  2 howler monkey skeletons (D:6)
  A river rat (D:7)
  2 white imps
  2 adder skeletons (D:5)
  2 worms (D:5)
  2 dart slugs
  16 orcs
  5 ball pythons
  7 endoplasms
  4 giant cockroaches
  A goblin (D:3)
  7 hobgoblins
  8 jackals (D:1)
  8 quokkas
  4 bats
  4 frilled lizards
  2 gnoll zombies (Ossuary)
  4 goblin zombies (Ossuary)
  2 hobgoblin zombies (Ossuary)
  A kobold (D:1)
  3 kobold zombies (Ossuary)
  2 orc zombies (Ossuary)
  4 rats
182 creatures vanquished.

Vanquished Creatures (others)
  6 fungi (D:3)
  8 plants
14 creatures vanquished.

Grand Total: 196 creatures vanquished

Notes
Turn   | Place    | Note
-------+----------+-------------------------------------------
     0 | D:1      | shadowrider38 the Merfolk Earth Elementalist began the
                  | quest for the Orb.
     0 | D:1      | Reached XP level 1. HP: 13/13 MP: 3/3
   142 | D:1      | Reached skill level 1 in Fighting
   381 | D:1      | Reached XP level 2. HP: 17/22 MP: 3/5
   901 | D:1      | Reached skill level 1 in Polearms
  1285 | D:1      | Reached XP level 3. HP: 15/27 MP: 6/6
  2337 | D:2      | Noticed Natasha
  2386 | D:1      | Killed Natasha
  2387 | D:1      | Reached XP level 4. HP: 27/33 MP: 2/7
  2943 | D:2      | Reached XP level 5. HP: 32/41 MP: 6/8
  3622 | D:3      | Found Wijidefe's Assorted Antiques.
  3622 | D:3      | Identified the +12 falchion of Riapp {elec, rC+ rCorr Int+4
                  | SInv}
  3699 | D:3      | Noticed an ogre
  4170 | D:3      | Found a faded altar of an unknown god.
  4416 | D:2      | Reached XP level 6. HP: 27/48 MP: 10/10
  4552 | D:2      | Learned a level 3 spell: Spider Form
  4724 | D:4      | Noticed a water moccasin
  4881 | D:4      | Found a sand-covered staircase.
  4881 | D:4      | Noticed Sigmund
  4883 | D:4      | Noticed Sigmund
  4883 | D:4      | Sigmund changed into Sigmund the dart slug
  4885 | D:4      | Killed Sigmund the dart slug
  4890 | Ossuary  | Entered an ossuary
  5107 | Ossuary  | Reached skill level 5 in Dodging
  5113 | Ossuary  | Reached XP level 7. HP: 54/54 MP: 11/11
  5129 | Ossuary  | Reached skill level 5 in Transmutations
  5826 | Ossuary  | Reached skill level 5 in Stealth
  5826 | Ossuary  | Reached XP level 8. HP: 60/60 MP: 10/12
  6876 | D:5      | Entered Level 5 of the Dungeon
  7063 | D:4      | Reached skill level 1 in Evocations
  7784 | D:5      | Reached skill level 5 in Fighting
  7784 | D:5      | Reached XP level 9. HP: 66/68 MP: 13/13
  7820 | D:5      | Found a white marble altar of Elyvilon.
  7821 | D:5      | Found an ornate altar of the Wu Jian Council.
  8014 | D:5      | Found a staircase to the Ecumenical Temple.
  8196 | Temple   | Entered the Ecumenical Temple
  8666 | Temple   | Became a worshipper of Sif Muna the Loreminder
  8882 | D:5      | Found an opulent altar of Gozag.
  9158 | D:6      | Found Buji's Weapon Emporium.
  9479 | D:6      | Reached skill level 10 in Transmutations
  9576 | D:6      | Noticed a cyclops
  9591 | D:6      | Killed a cyclops
  9741 | D:6      | Noticed a gargoyle
 10565 | D:7      | Found a runed translucent door.
 10566 | D:7      | Noticed Crazy Yiuf
 10704 | D:7      | Reached XP level 10. HP: 76/76 MP: 14/14
 10741 | D:7      | Reached * piety under Sif Muna
 10742 | D:7      | Reached skill level 10 in Dodging
 10839 | D:7      | HP: 1/76 [yak (16)]
 11157 | D:7      | Killed Crazy Yiuf
 11434 | D:7      | Reached skill level 5 in Spellcasting
 11700 | D:7      | Noticed Joseph
 12059 | D:7      | Noticed Menkaure
 12064 | D:7      | Killed Menkaure
 12222 | D:7      | HP: 2/79 [hornet (8)]
 12223 | D:7      | Slain by a hornet

Illustrated notes

Levels and vault maps discovered:
D:1:      dpeg_arrival_radiant, layout_basic, chequers_jeans,
          minmay_misc_feat_roman, serial_park_tiny_1
D:2:      layout_rooms, uniq_natasha
D:3:      layout_basic, serial_shops, shop, dreamdust_ecumenical_altar_grove
D:4:      layout_cave_pools, nicolae_ossuary_entry_false_entrances, uniq_sigmund
D:5:      layout_basic, grunt_gozag_breadcrumbs,
          gammafunk_temple_overflow_pools, temple_hall, cheibrodos_gnoll_hut
D:6:      cheibrodos_two_vegetables, layout_basic, serial_shops,
          nicolae_square_shop, chequers_arboretum, minivault_26
D:7:      cheibrodos_barr_body, layout_loops_ring, minivault_1, uniq_menkaure,
          uniq_joseph, uniq_crazy_yiuf_cottage
Temple:   eino_temple_water

Skill      XL: |  1  2  3  4  5  6  7  8  9 10 |
---------------+-------------------------------+-----
Fighting       | 1 2 3 4 5 6 7 |  7.6
Polearms       | 2 |  2.0
Dodging        | 3 5 6 9 10 | 10.0
Stealth        | 3 5 |  5.0
Transmutations | 3 4 6 8 10 | 10.0
Spellcasting   | 3 5 |  5.0
Long Blades    | 4 |  4.0
Evocations     | 3 |  3.0
Earth Magic    | |  2.4

Action                   |  1- 3 |  4- 6 |  7- 9 | 10-12 || total
-------------------------+-------+-------+-------+-------++-------
Melee: Unarmed           |    18 |       |       |     8 ||    26
       Spear             |   124 |    86 |       |       ||   210
       Punch             |     1 |     3 |     2 |       ||     6
       Falchion          |       |    59 |   207 |    64 ||   330
       Tailslap          |       |       |     1 |       ||     1
Throw: Dart              |       |       |     3 |     3 ||     6
 Cast: Sandblast         |    16 |     3 |    24 |     3 ||    46
       Spider Form       |       |       |       |     1 ||     1
Evoke: Wand              |       |     2 |       |     2 ||     4
  Use: Scroll            |       |     6 |     2 |     2 ||    10
       Potion            |       |       |     1 |     5 ||     6
 Stab: Sleeping          |     6 |     4 |     4 |     2 ||    16
       Distracted        |       |       |     1 |       ||     1
Armor: Robe              |    24 |    13 |       |       ||    37
       Leather armour    |       |    12 |    54 |       ||    66
       Steam dragon scal |       |       |       |    16 ||    16
       Skin              |       |       |       |     3 ||     3
Dodge: Dodged            |    89 |    96 |   156 |    93 ||   434

Table legend: (Time is in decaauts)
 A = Elapsed time spent in this place.
 B = Non-inter-level travel time spent in this place.
 C = Inter-level travel time spent in this place.
 D = Time resting spent in this place.
 E = Time spent auto-exploring this place.
 F = Levels seen in this place.
 G = Mean time per level.
                   A        B        C        D        E       F      G
               +--------+--------+--------+--------+--------+-----+--------+
         Total |  12116 |  11396 |    720 |   4386 |   3271 |   9 | 1346.2 |
       Dungeon |  10677 |  10003 |    674 |   3879 |   3013 |   7 | 1525.3 |
        Temple |    322 |    276 |     46 |      0 |    255 |   1 |  322.0 |
       Ossuary |   1116 |   1116 |      0 |    507 |      2 |   1 | 1116.0 |
               +--------+--------+--------+--------+--------+-----+--------+

Top non-repeatable levels by time:
     D:1: 2112 daAuts
     D:3: 1747 daAuts
     D:6: 1710 daAuts
     D:5: 1420 daAuts
     D:7: 1298 daAuts
     D:2: 1220 daAuts
     D:4: 1168 daAuts
 Ossuary: 1116 daAuts
  Temple: 322 daAuts
